 Dungeon Crawl Stone Soup version 0.19-a0-753-gae73b43 (webtiles) character file.

220 4thArraOfDagon the Chopper (level 5, -2/46 HPs)
             Began as a Minotaur Gladiator on June 25, 2016.
             Was an Initiate of Okawaru.
             Slain by a gnoll
             ... wielding a +0 whip
              (3 damage)
             ... on level 4 of the Dungeon.
             The game lasted 00:04:22 (924 turns).

4thArraOfDagon the Chopper (Minotaur Gladiator)      Turns: 924, Time: 00:04:23

Health: -2/46      AC:  7    Str: 21    XL:     5   Next: 64%
Magic:  4/4        EV: 11    Int:  5    God:    Okawaru [......]
Gold:   41         SH:  0    Dex: 15    Spells: 0 memorised, 4 levels left

rFire  . . .     SeeInvis .     l - +2 war axe (holy)
rCold  . . .     Gourm    .     m - -2 chain mail
rNeg   . . .     Faith    .     h - +2 shield
rPois  .         Spirit   .     c - +0 hat
rElec  .         Dismiss  .     (no cloak)
rCorr  .         Reflect  .     (no gloves)
SustAt .         Harm     .     (no boots)
MR     .....     Rnd*Tele +     (no amulet)
Stlth  ..........               (no ring)
                                b - ring of teleportation (curse)

@: confused, agile, not resistant to hostile enchantments, extremely unstealthy
A: retaliatory headbutt, horns 2
a: Renounce Religion


You were on level 4 of the Dungeon.
You worshipped Okawaru.
Okawaru was noncommittal.
You were not hungry.

You visited 1 branch of the dungeon, and saw 4 of its levels.

You collected 41 gold pieces.

Inventory:

Hand Weapons
 a - a +0 war axe
 l - a +2 war axe of holy wrath (weapon)
Missiles
 d - a throwing net (quivered)
Armour
 c - a +0 hat (worn)
 h - a +2 shield (worn)
 m - a -2 chain mail (worn)
Jewellery
 b - a cursed ring of teleportation (left hand)
Scrolls
 i - a scroll of random uselessness
 k - a scroll of teleportation
Comestibles
 f - 2 bread rations


   Skills:
 + Level 3.9 Fighting
 * Level 5.5 Axes
 - Level 2.0 Throwing
 + Level 3.3 Armour
 - Level 3.2 Dodging
 + Level 0.5 Shields
 + Level 1.3 Invocations


You had 4 spell levels left.
You didn't know any spells.

Dungeon Overview and Level Annotations

Branches:
Dungeon (4/15)             Temple (0/1) D:4

Altars:
Okawaru
Yredelemnul

Annotations:
D:3 tstbtto's ghost, amateur HOFi


Innate Abilities, Weirdness & Mutations

You reflexively headbutt those who attack you in melee.
You have a pair of horns on your head.


Message History

The puff of flame misses you.
Unknown command.
Unknown command.
You closely miss the orc wizard.
The orc wizard is severely wounded.
You miss the gnoll.
The gnoll is moderately wounded.
The gnoll completely misses you. The gnoll hits you but does no damage.
The orc wizard gestures at you while chanting.
You resist with some effort.
You hear a shout!
Unknown command.
You closely miss the gnoll.
The gnoll is moderately wounded.
You closely miss the orc wizard.
The orc wizard is severely wounded.
The gnoll hits you from afar with a halberd!
* * * LOW HITPOINT WARNING * * *
The orc wizard barely misses you. The gnoll hits you with a whip.
You die...

,,,,,,,,* *,,,,,.gW#* ,,,,,,,**
*,,,,,g..# ,,,,**** *****#.o.###
***** ###..o...## *
###...o###..####
###..?.###.......# **
*****#....##g.........###**,
******,,>....##og.............,,,
*,,,,,,,,..#**#.@...........#****
,,,,,,,,,.,* #.............#*
,,,,,,,,,,,* #..............#
,,,,,,,,,,,* #..............#*
,,,,,,,,,,,* #...............*
,,,,,,,,,,,* #..............(*
,,,,,,,,,,,* #...............*
,,,,,,,,,,,* #...............*
,,,,,,,,,,,* *,,,,,,,,,,,,,,** *


You could see an orc wizard and 2 gnolls.

Vanquished Creatures
  An orc priest (D:4)
  2 orc wizards (D:3)
  A worker ant (D:4)
  Robin (D:2)
  2 gnolls (D:3)
  2 adders
  An adder zombie (D:4)
  10 orcs
  2 bats (D:2)
  2 giant cockroaches (D:2)
  2 gnoll zombies (D:2)
  2 hobgoblins (D:2)
  A kobold (D:2)
  3 giant newts
  15 goblins
  7 rats
54 creatures vanquished.

Notes
Turn   | Place    | Note
--------------------------------------------------------------
     0 | D:1      | 4thArraOfDagon the Minotaur Gladiator began the quest for the Orb.
     0 | D:1      | Reached XP level 1. HP: 18/18 MP: 0/0
    61 | D:2      | Found a basalt altar of Yredelemnul.
    66 | D:2      | Reached skill level 1 in Armour
    79 | D:2      | Reached XP level 2. HP: 17/25 MP: 1/1
   129 | D:2      | Reached skill level 4 in Axes
   156 | D:2      | Found an iron altar of Okawaru.
   164 | D:2      | Became a worshipper of Warmaster Okawaru
   172 | D:2      | Noticed Robin
   178 | D:2      | Reached XP level 3. HP: 13/30 MP: 2/2
   181 | D:2      | Killed Robin
   226 | D:3      | Noticed tstbtto's ghost (amateur HOFi)
   655 | D:3      | Reached XP level 4. HP: 33/38 MP: 3/3
   787 | D:3      | Reached skill level 5 in Axes
   797 | D:3      | Reached skill level 1 in Invocations
   797 | D:3      | Reached XP level 5. HP: 21/46 MP: 4/4
   877 | D:4      | Found a staircase to the Ecumenical Temple.
   909 | D:4      | Noticed a phantom
   924 | D:4      | HP: 1/46 [gnoll/halberd (10)]
   924 | D:4      | Slain by a gnoll

Vault maps used:
D:1:      lightli_arrival_quake, st_stairs_12
D:2:      lemuel_zombie_altar_yredelemnul, okawaru_gym_becter, uniq_robin
D:4:      lemuel_doored_altar

Skill      XL: |  1  2  3  4 |
---------------+-------------+-----
Armour         | 1 2 3 |  3.3
Axes           | 4 5 |  5.5
Fighting       | 3 |  3.9
Invocations    | 1 |  1.3
Throwing       | |  2.0
Dodging        | |  3.2
Shields        | |  0.5

Action                   |  1- 3 |  4- 6 || total
-------------------------+-------+-------++-------
Melee: War axe           |    63 |    51 ||   114
       Headbutt          |     8 |     7 ||    15
Throw: Throwing net      |     4 |       ||     4
  Use: Potion            |     1 |     3 ||     4
       Scroll            |       |     4 ||     4
 Stab: Held in net/web   |     1 |       ||     1
       Sleeping          |     2 |       ||     2
Armor: Leather armour    |    27 |       ||    27
       Chain mail        |       |    27 ||    27
       Skin              |       |     6 ||     6
Dodge: Dodged            |    60 |    15 ||    75
Block: Shield            |       |     9 ||     9
